 Dungeon Crawl Stone Soup version 0.30-a0-643-g638baaf3f0 (webtiles) character file.

Game seed: 7382835865945834045

471 CoinPitGoblin the Digger (level 7, 0/45 HPs)
             Began as an Octopode Earth Elementalist on Jan 16, 2023.
             Slain by a wraith (12 damage)
             ... in an ossuary.
             The game lasted 00:05:56 (3721 turns).

CoinPitGoblin the Digger (OpEE)                     Turns: 3721, Time: 00:05:57

Health: 0/45       AC:  1    Str:  7    XL:     7   Next: 9%
Magic:  0/13       EV: 14    Int: 19    God:
Gold:   157        SH:  0    Dex: 13    Spells: 8/14 levels left

rFire   . . .      SeeInvis .    d - +1 dagger (vamp)
rCold   . . .      Faith    .    (no shield)
rNeg    . . .      Spirit   .    (helmet restricted)
rPois   .          Reflect  .    (no amulet)
rElec   .          Harm     .    (no ring)
rCorr   .          Rampage  .    (no ring)
Will    .....                    (no ring)
Stlth   +++                      (no ring)
HPRegen 0.27/turn                (no ring)
MPRegen 0.13/turn                (no ring)
                                 (no ring)
                                 (no ring)

@: brilliant, very slightly contaminated, slowed, very slow
A: almost no armour, amphibious, 8 rings, camouflage 1, gelatinous body 1,
(nimble swimmer 1), tentacles
a: no special abilities


You were in an ossuary.
You visited 1 branch of the dungeon, and saw 4 of its levels.
You also visited: Ossuary.

You collected 157 gold pieces.

Inventory:

Hand Weapons
 b - a +0 short sword
 d - a +1 vampiric dagger (weapon)
Missiles
 i - a throwing net
Jewellery
 k - a +6 ring of strength
Wands
 g - a wand of digging (5)
 o - a wand of charming (12)
Scrolls
 e - a scroll of fog
 h - 3 scrolls of teleportation
Potions
 a - 2 potions of magic
 c - 3 potions of attraction
 f - a potion of flight {unknown}
 j - a potion of brilliance
 n - 2 potions of curing {unknown}
 p - a potion of heal wounds {unknown}
 q - 2 potions of might {unknown}
 r - a potion of berserk rage {unknown}
 s - a potion of ambrosia {unknown}


   Skills:
 * Level 2.3 Fighting
 * Level 3.2 Dodging
 - Level 2.6 Stealth
 + Level 4.2 Spellcasting
 - Level 1.0 Transmutations
 + Level 5.3 Earth Magic


You had 8 spell levels left.
You knew the following spells:

 Your Spells              Type           Power      Damage    Failure   Level
a - Stone Arrow           Conj/Erth      42%        3d9       14%         3
q - Sandblast             Erth           72%        2d16      1%          1
z - Passwall              Tmut/Erth      20%        N/A       5%          2

Your spell library contained the following spells:

 Spells                   Type           Power      Damage    Failure   Level
 Scorch                   Fire           12%        2d5       21%         2
 Petrify                  Tmut/Erth      24%        N/A       36%         4
 Flame Wave               Conj/Fire      6%         2d5       80%         4
 Summon Cactus Giant      Summ           3%         N/A       100%        6


Dungeon Overview and Level Annotations

Branches:
Dungeon (4/15)            Ossuary (1/1)
 Temple: D:4-7

Altars:
Ru

Shops:
D:2 ?


Innate Abilities, Weirdness & Mutations

You cannot wear most types of armour.
You are amphibious.
You can wear up to eight rings at the same time.
Your skin changes colour to match your surroundings (Stealth+).
Your rubbery body absorbs attacks. (AC +1, EV +1)
((You are camouflaged when in or above water. (Stealth+)))
You have tentacles for arms and can constrict up to eight enemies at once.


Message History

You feel a surge of power!
The stone arrow hits the wraith!
The wraith is heavily damaged.
The wraith hits you. The wraith drains your vigour!
You feel as though you will be slow longer.
Casting: Stone Arrow (dangerous; 14% risk of failure)
Confirm with . or Enter, or press ? or * to list all spells.
Aiming: Stone Arrow (dangerous; 14% risk of failure)
Press: ? - help, Shift-Dir - straight line, f/p - wraith
Aim: a wraith (heavily damaged, 71% to hit)
You feel a surge of power!
The stone arrow hits the wraith.
The wraith is severely damaged.
The wraith hits you! The wraith drains your vigour!
You feel as though you will be slow longer.
The wraith hits you. The wraith drains your vigour!
You feel as though you will be slow longer.
Casting: Stone Arrow (dangerous; 14% risk of failure)
Confirm with . or Enter, or press ? or * to list all spells.
Aiming: Stone Arrow (dangerous; 14% risk of failure)
Press: ? - help, Shift-Dir - straight line, f/p - wraith
Aim: a wraith (severely damaged, 71% to hit)
You feel a surge of power!
You miscast Stone Arrow.
Nothing appears to happen.
The wraith barely misses you.
Casting: Stone Arrow (dangerous; 14% risk of failure)
Confirm with . or Enter, or press ? or * to list all spells.
Aiming: Stone Arrow (dangerous; 14% risk of failure)
Press: ? - help, Shift-Dir - straight line, f/p - wraith
Aim: a wraith (severely damaged, 71% to hit)
You feel a surge of power!
The stone arrow hits the wraith!
The wraith is almost destroyed.
The wraith hits you. The wraith hits you!
* * * LOW HITPOINT WARNING * * *
The wraith drains your vigour!
You feel as though you will be slow longer.
Casting: Stone Arrow (dangerous; 14% risk of failure)
Confirm with . or Enter, or press ? or * to list all spells.
Okay, then.
You closely miss the wraith.
The wraith is almost destroyed.
The wraith hits you!
You die...

#...............# #z# #.....##
#.###.......###.###▓#####.8.8.##
#.#z#.......#z#.'.....'.......'.
#.###.......###.###▓#####.8.8.##
#...............# #W# #.....##
#.###..###..###.# ### ########
#.# #..#z#..#.#.# #.
#..###..##W.# #. ...........@#
## ##############


You could see a wraith.

Vanquished Creatures
  A wraith (Ossuary)
  A black bear (D:2)
  A centaur zombie (Ossuary)
  An iguana (D:4)
  3 orc wizards (D:3)
  2 adders
  3 worms (D:2)
  4 orcs (D:3)
  6 endoplasms
  3 giant cockroaches
  5 goblins
  7 hobgoblins
  5 jackals (D:1)
  10 kobolds
  3 quokkas
  3 ball pythons
  A ball python skeleton (Ossuary)
  8 bats
  2 frilled lizards
  2 hobgoblin skeletons (Ossuary)
  A hobgoblin zombie (Ossuary)
  A kobold zombie (Ossuary)
  An orc skeleton (Ossuary)
  2 orc zombies (Ossuary)
  4 rats (D:1)
80 creatures vanquished.

Notes
Turn   | Place    | Note
-------+----------+-------------------------------------------
     0 | D:1      | CoinPitGoblin the Octopode Earth Elementalist began the
                  | quest for the Orb.
     0 | D:1      | Reached XP level 1. HP: 11/11 MP: 3/3
   174 | D:1      | Reached XP level 2. HP: 17/17 MP: 3/5
   704 | D:1      | Reached XP level 3. HP: 21/21 MP: 4/6
  1386 | D:2      | Found Poskum's Magic Scroll Shoppe.
  1431 | D:2      | Learned a level 2 spell: Passwall
  1435 | D:2      | Learned a level 3 spell: Stone Arrow
  1561 | D:2      | Found a faded altar of an unknown god.
  1587 | D:2      | Reached skill level 4 in Earth Magic
  1834 | D:2      | Reached XP level 4. HP: 27/27 MP: 5/8
  2189 | D:3      | Noticed a black bear
  2249 | D:2      | Killed a black bear
  2250 | D:2      | Reached skill level 1 in Fighting
  2250 | D:2      | Reached XP level 5. HP: 8/33 MP: 5/9
  2694 | D:3      | Found a sacrificial altar of Ru.
  2817 | D:3      | Reached XP level 6. HP: 17/38 MP: 3/11
  3327 | D:4      | Found a sand-covered staircase.
  3332 | Ossuary  | Entered an ossuary
  3409 | Ossuary  | Reached skill level 5 in Earth Magic
  3548 | Ossuary  | Noticed a flying skull
  3548 | Ossuary  | Noticed a wraith
  3555 | Ossuary  | Noticed a flying skull
  3561 | Ossuary  | Noticed a flying skull
  3583 | Ossuary  | Noticed a flying skull
  3591 | Ossuary  | Noticed a wraith
  3597 | Ossuary  | Noticed a flying skull
  3605 | Ossuary  | Killed a wraith
  3606 | Ossuary  | Reached XP level 7. HP: 16/45 MP: 2/13
  3713 | Ossuary  | Noticed a wraith
  3721 | Ossuary  | Slain by a wraith

Illustrated notes

Levels and vault maps discovered:
D:1:      eino_arrival_water_cross, layout_loops_corners,
          palyth_stone_intersect, minmay_tetromino_o2
D:2:      layout_basic, hellmonk_ecumenical_altar_crossroads, serial_shops, shop
D:3:      layout_rooms, nicolae_ru_great_annihilating_truth
D:4:      corexii_shack_village, layout_basic, minitemple, enter_ossuary_2
Ossuary:  ossuary_due_cavern

Skill      XL: |  1  2  3  4  5  6 |
---------------+-------------------+-----
Earth Magic    | 4 5 |  5.3
Fighting       | 1 2 |  2.3
Spellcasting   | 3 4 |  4.2
Dodging        | 3 |  3.2
Stealth        | |  2.6
Transmutations | |  1.0

Action                   |  1- 3 |  4- 6 |  7- 9 || total
-------------------------+-------+-------+-------++-------
Melee: Short sword       |     4 |       |       ||     4
       Constrict         |     1 |       |       ||     1
       Dagger            |     1 |       |     1 ||     2
       Tentacles         |     1 |       |       ||     1
 Cast: Sandblast         |    48 |    75 |       ||   123
       Stone Arrow       |       |     3 |     4 ||     7
  Use: Scroll            |     3 |     3 |     2 ||     8
       Potion            |       |       |     1 ||     1
Armor: Skin              |       |     4 |       ||     4
Dodge: Dodged            |    12 |    39 |     1 ||    52

Table legend: (Time is in decaauts)
 A = Elapsed time spent in this place.
 B = Non-inter-level travel time spent in this place.
 C = Inter-level travel time spent in this place.
 D = Time resting spent in this place.
 E = Time spent auto-exploring this place.
 F = Levels seen in this place.
 G = Mean time per level.
                   A        B        C        D        E       F      G
               +--------+--------+--------+--------+--------+-----+--------+
         Total |   3806 |   3487 |    319 |    194 |   2738 |   5 |  761.2 |
       Dungeon |   3386 |   3067 |    319 |     97 |   2513 |   4 |  846.5 |
       Ossuary |    419 |    419 |      0 |     97 |    225 |   1 |  419.0 |
               +--------+--------+--------+--------+--------+-----+--------+

Top non-repeatable levels by time:
     D:1: 1317 daAuts
     D:2: 1098 daAuts
     D:3: 840 daAuts
 Ossuary: 419 daAuts
     D:4: 129 daAuts
